Match 29008651
Unlisted

Match 29008651
End
Panzergrenadier Squad
Selects Battlefield Espionage Battlegroup
Panzergrenadier Squad
Panzergrenadier Squad
Construct Light Support Kompanie
Fire Support Elements
Veteran Squad Leaders
Flakvierling Half-track
Pak 38 Mechanized Group
le.IG 18 Support Gun Team
2.5-tonne Medical Truck
Selects 250/3 Funkpanzerwagen
le.IG 18 Mechanized Group
Pak 38 Anti-tank Gun Team
Selects Intel Disruption Beacon
Selects Plunder
Selects Firestorm
Firestorm
Panzergrenadier Squad
Selects Advanced Ambush Training
Firestorm
2.5-tonne Medical Truck
Selects Operation Skorpion
Construct Panzerarmee Kommand
Firestorm
Ghost
HulkSMASH
.:PSG:. RedxWings
ashilrye
0
0

Comments sign in to comment!

No comments posted yet!